Chicago Black Hawks vs Calgary Flames
(R1)
Created - Sunday, May 21, 2023 at 07:00
Goals
|
| Chicago Black Hawks |
2 |
1 |
0 |
3 |
| Calgary Flames |
1 |
0 |
0 |
1 |
|
Shots
|
| Chicago Black Hawks |
12 |
10 |
11 |
33 |
| Calgary Flames |
11 |
9 |
12 |
32 |
|
1st period
1. Chicago Black Hawks , Steven Stamkos 36 (Matt Duchene 31) at 2:24 (PP)
2. Calgary Flames , Zach Hyman 12 (Jeremy Lauzon 3, J.T. Miller 32) at 2:32
3. Chicago Black Hawks , Devon Toews 1 (Phillip Danault 18, Matt Duchene 32) at 19:05 (PP)
Penalties :
Mathieu Joseph (CGY) for Roughing (Minor) at 2:18, Kevin Fiala (CGY) for Holding (Minor) at 7:54, Mikhail Sergachev (CHI) for High sticking (Minor) at 12:43, Jeremy Lauzon (CGY) for Cross-checking (Minor) at 18:47
2nd period
4. Chicago Black Hawks , Steven Stamkos 37 (Vladimir Tarasenko 23, Phillip Danault 19) at 2:53
Penalties :
Travis Konecny (CHI) for Tripping (Minor) at 7:43, Jeremy Lauzon (CGY) for Roughing (Minor) at 10:14, Ryan McDonagh (CGY) for Hooking (Minor) at 14:33, Vladimir Tarasenko (CHI) for Holding (Minor) at 17:13, Lawson Crouse (CHI) for Roughing (Minor) at 17:43
3rd period
No Goal
Penalties :
Joel Eriksson Ek (CGY) for Hooking (Minor) at 1:17, Max Pacioretty (CGY) for Interference (Minor) at 8:27, Zach Hyman (CGY) for Hooking (Minor) at 9:10, Ryan McDonagh (CGY) for Roughing (Minor) at 14:22, Mathieu Joseph (CGY) for Hooking (Minor) at 18:10
Goalie Stats
Ilya Sorokin (CHI), 31 saves from 32 shots - (0.969), W, 25-14-4, 60:00 minutes
Sam Montembeault (CGY), 30 saves from 33 shots - (0.909), L, 4-6-2, 60:00 minutes
Players Stats for Chicago Black Hawks
Player Name G A P +/- PIM S H SB GA TA FO MP PP MP PK MP
------------------------------------------------------------------------------------
Barclay Goodrow 0 0 0 0 0 0 0 1 1 0 4/7 11:26 0:00 3:55
Bo Horvat 0 0 0 0 0 1 1 0 0 1 5/10 17:23 6:30 1:16
Brent Burns 0 0 0 -1 0 1 4 1 1 3 0/0 25:54 8:22 1:51
Bryan Rust 0 0 0 0 0 2 0 0 0 0 0/1 7:30 0:00 0:00
Chris Kreider 0 0 0 0 0 1 2 0 0 1 0/0 18:06 6:30 1:42
Devon Toews 1 0 1 -1 0 4 2 5 0 0 0/0 25:38 6:28 3:41
Lawson Crouse 0 0 0 0 2 1 2 0 0 0 1/1 10:49 0:05 2:51
Matt Duchene 0 2 2 0 0 4 0 0 2 0 0/1 20:46 8:15 0:00
Matthew Tkachuk 0 0 0 0 0 1 3 1 0 0 0/0 19:52 6:30 0:27
Mikhail Sergachev 0 0 0 1 2 1 2 0 0 1 0/0 23:16 8:14 2:04
Nicolas Hague 0 0 0 0 0 0 0 2 0 0 0/0 11:53 0:00 1:17
Nikolaj Ehlers 0 0 0 0 0 1 0 0 1 0 0/1 8:24 0:05 0:00
Phillip Danault 0 2 2 0 0 1 3 0 1 0 4/7 18:01 8:15 1:12
Rasmus Andersson 0 0 0 0 0 1 1 0 0 0 0/0 12:13 0:00 0:00
Rasmus Ristolainen 0 0 0 1 0 0 3 0 0 1 0/0 14:45 0:08 4:01
Steven Stamkos 2 0 2 0 0 7 2 0 0 0 17/32 20:46 8:15 0:00
Travis Konecny 0 0 0 0 2 5 0 0 0 1 0/0 9:48 0:05 0:00
Vladimir Tarasenko 0 1 1 0 2 2 0 1 0 0 0/0 15:30 6:28 0:01
Players Stats for Calgary Flames
Player Name G A P +/- PIM S H SB GA TA FO MP PP MP PK MP
------------------------------------------------------------------------------------
Drew Doughty 0 0 0 0 0 3 1 1 0 0 0/0 24:09 3:22 7:38
Garnet Hathaway 0 0 0 0 0 0 0 0 0 0 0/0 7:48 0:00 0:00
J.T. Miller 0 1 1 1 0 6 1 2 0 0 0/1 19:31 3:07 6:37
Jeff Petry 0 0 0 0 0 0 1 0 0 1 0/0 25:14 3:05 7:45
Jeremy Lauzon 0 1 1 0 4 1 1 0 0 2 0/0 11:40 0:00 0:00
Joel Eriksson Ek 0 0 0 -1 2 2 0 2 2 0 5/9 10:14 0:12 0:00
Kevin Fiala 0 0 0 0 2 5 1 1 1 0 0/1 13:08 3:08 0:00
Kris Russell 0 0 0 0 0 0 0 0 0 0 0/0 12:57 0:00 1:30
Logan Couture 0 0 0 0 0 1 3 1 0 0 6/16 20:59 3:08 7:09
Mathieu Joseph 0 0 0 -1 4 0 0 2 0 0 1/1 12:29 0:12 0:54
Max Pacioretty 0 0 0 -1 2 2 1 1 1 0 0/1 9:55 0:12 0:02
Nic Dowd 0 0 0 0 0 1 2 0 2 0 4/7 7:48 0:00 0:00
Oskar Lindblom 0 0 0 0 0 1 1 0 0 2 0/0 7:48 0:00 0:00
Ryan Ellis 0 0 0 0 0 0 0 0 0 0 0/0 24:36 3:05 7:24
Ryan McDonagh 0 0 0 0 4 1 2 1 0 0 0/0 22:01 3:22 5:23
Sebastian Aho 0 0 0 1 0 2 0 0 0 1 13/23 19:57 3:07 7:03
Valeri Nichushkin 0 0 0 0 0 4 2 0 2 0 0/0 13:46 3:08 0:11
Zach Hyman 1 0 1 1 2 3 0 0 0 0 0/1 19:44 3:07 6:27
3 Stars
1 - Steven Stamkos (CHI)
2 - Ilya Sorokin (CHI)
3 - Phillip Danault (CHI)
Power Play
Chicago Black Hawks - 2 on 10 Attempt(s) - 20.00%
Calgary Flames - 0 on 4 Attempt(s) - 0.00%
Penalty Kill
Chicago Black Hawks - 4 on 4 Attempt(s) - 100.00%
- Score 0 goal in Penalty Kill
Calgary Flames - 8 on 10 Attempt(s) - 80.00%
- Score 0 goal in Penalty Kill
Team Stat
Chicago Black Hawks - Hits : 25 - Faceoff Wins : 31 - Blocked Shots : 11 - Penalty Minutes : 8
Calgary Flames - Hits : 16 - Faceoff Wins : 29 - Blocked Shots : 11 - Penalty Minutes : 20
Official
Referees : Wes McCauley and Dan O'Halloran
Linesman : Steve Barton and Darren Gibbs
Game Notes
No Game Note
Finance
Level 1 -- Attendance: 4498 (74.97%) -- Ticket Income $449,800
Level 2 -- Attendance: 3948 (78.96%) -- Ticket Income $236,880
Level 3 -- Attendance: 2116 (70.53%) -- Ticket Income $74,060
Level 4 -- Attendance: 3846 (76.92%) -- Ticket Income $96,150
Luxury Box -- Attendance: 807 (80.70%) -- Ticket Income $161,400
Game was played at the Scotiabank Saddledome.
Total Attendance: 15215 (76.08%)
Total Ticket Income: $1,018,290
Other Income: $356,402
Total Income: $1,374,692
Chicago Black Hawks
5 vs 5 Forward
Center Left Wing Right Wing Time % Phy DF OF
1 Steven Stamkos Matthew Tkachuk Matt Duchene 40 0 1 4
2 Bo Horvat Travis Konecny Chris Kreider 30 0 1 4
3 Phillip Danault Nikolaj Ehlers Vladimir Tarasenko 20 0 1 4
4 Barclay Goodrow Bryan Rust Lawson Crouse 10 0 2 3
5 vs 5 Defense
Defense Defense Time % Phy DF OF
1 Brent Burns Devon Toews 40 0 2 3
2 Rasmus Ristolainen Mikhail Sergachev 30 0 2 3
3 Rasmus Andersson Nicolas Hague 20 0 4 1
4 Mikhail Sergachev Rasmus Andersson 10 0 3 2
PowerPlay Forward
Center Left Wing Right Wing Time % Phy DF OF
1 Steven Stamkos Phillip Danault Matt Duchene 60 0 0 5
2 Bo Horvat Matthew Tkachuk Chris Kreider 40 0 0 5
PowerPlay Defense
Defense Defense Time % Phy DF OF
1 Brent Burns Mikhail Sergachev 60 0 0 5
2 Devon Toews Vladimir Tarasenko 40 0 0 5
Penalty Kill 4 Players Forward
Center Wing Time % Phy DF OF
1 Barclay Goodrow Lawson Crouse 60 0 5 0
2 Phillip Danault Chris Kreider 40 0 5 0
Penalty Kill 4 Players Defense
Defense Defense Time % Phy DF OF
1 Devon Toews Rasmus Ristolainen 60 0 5 0
2 Brent Burns Mikhail Sergachev 40 0 5 0
Penalty Kill - 3 Players Forward
Forward Time % Phy DF OF
1 Barclay Goodrow 60 0 5 0
2 Phillip Danault 40 0 5 0
Penalty Kill - 3 Players Defense
Defense Defense Time % Phy DF OF
1 Rasmus Ristolainen Mikhail Sergachev 60 0 5 0
2 Devon Toews Nicolas Hague 40 0 5 0
4 vs 4 Forward
Center Wing Time % Phy DF OF
1 Phillip Danault Nikolaj Ehlers 60 0 2 3
2 Bo Horvat Vladimir Tarasenko 40 0 2 3
4 vs 4 Defense
Defense Defense Time % Phy DF OF
1 Nicolas Hague Rasmus Ristolainen 60 0 4 1
2 Devon Toews Brent Burns 40 0 2 3
Last Minutes Offensive
Center Left Wing Right Wing Defense Defense
Steven Stamkos Vladimir Tarasenko Matthew Tkachuk Brent Burns Devon Toews
Last Minutes Defensive
Center Left Wing Right Wing Defense Defense
Barclay Goodrow Lawson Crouse Phillip Danault Rasmus Ristolainen Brent Burns
Goaltenders
Starting : Ilya Sorokin
Backup : Jordan Binnington
Extra Forwards
Normal : Lawson Crouse, Vladimir Tarasenko, Phillip Danault - PP : Bo Horvat, Nikolaj Ehlers - PK : Bo Horvat
Extra Defensemen
Normal : Rasmus Ristolainen, Nicolas Hague, Devon Toews - PP : Rasmus Ristolainen - PK : Nicolas Hague, Devon Toews
Penalty Shots
Phillip Danault, Matt Duchene, Devon Toews, Bo Horvat, Rasmus Ristolainen
Calgary Flames
5 vs 5 Forward
Center Left Wing Right Wing Time % Phy DF OF
1 Sebastian Aho J.T. Miller Zach Hyman 30 1 2 2
2 Logan Couture Valeri Nichushkin Kevin Fiala 30 1 2 2
3 Joel Eriksson Ek Max Pacioretty Mathieu Joseph 25 1 2 2
4 Nic Dowd Oskar Lindblom Garnet Hathaway 15 1 2 2
5 vs 5 Defense
Defense Defense Time % Phy DF OF
1 Drew Doughty Ryan McDonagh 35 1 2 2
2 Jeff Petry Ryan Ellis 35 1 2 2
3 Jeremy Lauzon Kris Russell 30 1 2 2
4 Drew Doughty Ryan McDonagh 0 1 2 2
PowerPlay Forward
Center Left Wing Right Wing Time % Phy DF OF
1 Sebastian Aho J.T. Miller Zach Hyman 50 1 2 2
2 Logan Couture Valeri Nichushkin Kevin Fiala 50 1 2 2
PowerPlay Defense
Defense Defense Time % Phy DF OF
1 Drew Doughty Ryan McDonagh 50 1 2 2
2 Jeff Petry Ryan Ellis 50 1 2 2
Penalty Kill 4 Players Forward
Center Wing Time % Phy DF OF
1 Sebastian Aho J.T. Miller 50 1 2 2
2 Logan Couture Zach Hyman 50 1 2 2
Penalty Kill 4 Players Defense
Defense Defense Time % Phy DF OF
1 Drew Doughty Ryan McDonagh 50 1 2 2
2 Jeff Petry Ryan Ellis 50 1 2 2
Penalty Kill - 3 Players Forward
Forward Time % Phy DF OF
1 Sebastian Aho 50 1 2 2
2 J.T. Miller 50 1 2 2
Penalty Kill - 3 Players Defense
Defense Defense Time % Phy DF OF
1 Drew Doughty Ryan McDonagh 50 1 2 2
2 Jeff Petry Ryan Ellis 50 1 2 2
4 vs 4 Forward
Center Wing Time % Phy DF OF
1 Sebastian Aho J.T. Miller 50 1 2 2
2 Logan Couture Zach Hyman 50 1 2 2
4 vs 4 Defense
Defense Defense Time % Phy DF OF
1 Drew Doughty Ryan McDonagh 50 1 2 2
2 Jeff Petry Ryan Ellis 50 1 2 2
Last Minutes Offensive
Center Left Wing Right Wing Defense Defense
Sebastian Aho J.T. Miller Zach Hyman Drew Doughty Ryan McDonagh
Last Minutes Defensive
Center Left Wing Right Wing Defense Defense
Sebastian Aho J.T. Miller Zach Hyman Drew Doughty Ryan McDonagh
Goaltenders
Starting : Sam Montembeault
Backup : Thatcher Demko
Extra Forwards
Normal : Joel Eriksson Ek, Max Pacioretty, Mathieu Joseph - PP : Joel Eriksson Ek, Max Pacioretty - PK : Mathieu Joseph
Extra Defensemen
Normal : Jeremy Lauzon, Kris Russell, Jeff Petry - PP : Jeremy Lauzon - PK : Kris Russell, Jeff Petry
Penalty Shots
Sebastian Aho, J.T. Miller, Logan Couture, Zach Hyman, Valeri Nichushkin
% Time on Ice - Chicago Black Hawks
Lines # - Real PCT - Wanted PCT - Time Play
Normal Forward
1 - 33% - 40% - 12:54
2 - 26% - 30% - 10:15
3 - 21% - 20% - 8:04
4 - 19% - 10% - 7:30
Normal Defense
1 - 42% - 40% - 16:05
2 - 29% - 30% - 11:05
3 - 24% - 20% - 9:26
4 - 5% - 10% - 2:07
PP Forward
1 - 56% - 60% - 8:20
2 - 44% - 40% - 6:30
PP Defense
1 - 56% - 60% - 8:22
2 - 44% - 40% - 6:28
PK Forward
1 - 83% - 60% - 4:08
2 - 17% - 40% - 0:50
PK Defense
1 - 63% - 60% - 3:07
2 - 37% - 40% - 1:51
PK3 Forward
1 - 75% - 60% - 1:07
2 - 25% - 40% - 0:22
PK3 Defense
1 - 61% - 60% - 0:54
2 - 39% - 40% - 0:35
44 Forward
1 - 0% - 60%
2 - 0% - 40%
44 Defense
1 - 0% - 60%
2 - 0% - 40%
Last Minute Offensive - 0:00
Last Minute Defensive - 0:00
Total
Forward - 60:00
Defense - 60:00
|
% Time on Ice - Calgary Flames
Lines # - Real PCT - Wanted PCT - Time Play
Normal Forward
1 - 26% - 30% - 10:00
2 - 30% - 30% - 11:26
3 - 24% - 25% - 9:29
4 - 20% - 15% - 7:48
Normal Defense
1 - 34% - 35% - 13:17
2 - 36% - 35% - 13:59
3 - 30% - 30% - 11:27
4 - 0% - 0% - 0:00
PP Forward
1 - 51% - 50% - 3:19
2 - 49% - 50% - 3:08
PP Defense
1 - 52% - 50% - 3:22
2 - 48% - 50% - 3:05
PK Forward
1 - 46% - 50% - 6:14
2 - 54% - 50% - 7:20
PK Defense
1 - 54% - 50% - 7:16
2 - 46% - 50% - 6:18
PK3 Forward
1 - 55% - 50% - 0:42
2 - 45% - 50% - 0:34
PK3 Defense
1 - 42% - 50% - 0:32
2 - 58% - 50% - 0:44
44 Forward
1 - 0% - 50%
2 - 0% - 50%
44 Defense
1 - 0% - 50%
2 - 0% - 50%
Last Minute Offensive - 0:00
Last Minute Defensive - 0:00
Total
Forward - 60:00
Defense - 60:00
|
Play-by-Play
1st period
0:01 of 1st period - Sebastian Aho wins face-off versus Steven Stamkos in neutral zone.
0:13 of 1st period - Icing by Matt Duchene.
0:14 of 1st period - Logan Couture wins face-off versus Steven Stamkos in Chicago Black Hawks zone.
0:29 of 1st period - Wrist shot by Valeri Nichushkin.
0:29 of 1st period - Stopped by Ilya Sorokin without a rebound.
0:30 of 1st period - Bo Horvat wins face-off versus Joel Eriksson Ek in Chicago Black Hawks zone.
0:47 of 1st period - Wrist shot by Travis Konecny.
0:47 of 1st period - Shot Blocked by Mathieu Joseph.
0:57 of 1st period - Nikolaj Ehlers is hit by Nic Dowd and loses puck.
1:42 of 1st period - Snap shot by Steven Stamkos.
1:42 of 1st period - Stopped by Sam Montembeault with a rebound.
2:18 of 1st period - Minor Penalty to Mathieu Joseph for Roughing.
2:19 of 1st period - Steven Stamkos wins face-off versus Sebastian Aho in Calgary Flames zone.
2:24 of 1st period - Slapshot by Steven Stamkos.
2:24 of 1st period - Goal by Steven Stamkos - Chicago Black Hawks : 1 - Calgary Flames : 0.
2:25 of 1st period - Sebastian Aho wins face-off versus Steven Stamkos in neutral zone.
2:28 of 1st period - Snap shot by Sebastian Aho.
2:28 of 1st period - Deflect By J.T. Miller.
2:28 of 1st period - Stopped by Ilya Sorokin with a rebound.
2:30 of 1st period - Slapshot by Jeremy Lauzon.
2:30 of 1st period - Stopped by Ilya Sorokin with a rebound.
2:32 of 1st period - Snap shot by Zach Hyman.
2:32 of 1st period - Goal by Zach Hyman - Chicago Black Hawks : 1 - Calgary Flames : 1.
2:33 of 1st period - Phillip Danault wins face-off versus Kevin Fiala in neutral zone.
2:42 of 1st period - Snap shot by Vladimir Tarasenko.
2:42 of 1st period - Shot Blocked by Logan Couture.
2:58 of 1st period - Logan Couture is hit by Matthew Tkachuk and loses puck.
3:21 of 1st period - Snap shot by Valeri Nichushkin.
3:21 of 1st period - Stopped by Ilya Sorokin with a rebound.
3:27 of 1st period - Wrist shot by Kevin Fiala.
3:27 of 1st period - Stopped by Ilya Sorokin with a rebound.
3:29 of 1st period - Slapshot by Ryan Ellis.
3:29 of 1st period - Shot Misses the Net.
3:39 of 1st period - Snap shot by Valeri Nichushkin.
3:39 of 1st period - Shot Misses the Net.
3:41 of 1st period - Slapshot by Ryan Ellis.
3:41 of 1st period - Deflect By Valeri Nichushkin.
3:41 of 1st period - Shot Misses the Net.
3:41 of 1st period - Puck is out of play.
3:42 of 1st period - Sebastian Aho wins face-off versus Steven Stamkos in Chicago Black Hawks zone.
3:45 of 1st period - Slapshot by J.T. Miller.
3:45 of 1st period - Shot Misses the Net.
4:09 of 1st period - Drew Doughty is hit by Phillip Danault and loses puck.
5:01 of 1st period - Jeff Petry is hit by Steven Stamkos and loses puck.
5:20 of 1st period - Wrist shot by Vladimir Tarasenko.
5:20 of 1st period - Stopped by Sam Montembeault without a rebound.
5:21 of 1st period - Sebastian Aho wins face-off versus Phillip Danault in Calgary Flames zone.
5:28 of 1st period - J.T. Miller is hit by Phillip Danault and loses puck.
5:47 of 1st period - Snap shot by Travis Konecny.
5:47 of 1st period - Stopped by Sam Montembeault with a rebound.
5:49 of 1st period - Snap shot by Mikhail Sergachev.
5:49 of 1st period - Shot Blocked by J.T. Miller.
5:51 of 1st period - Snap shot by Travis Konecny.
5:51 of 1st period - Shot Misses the Net.
5:55 of 1st period - Snap shot by Travis Konecny.
5:55 of 1st period - Stopped by Sam Montembeault without a rebound.
5:56 of 1st period - Joel Eriksson Ek wins face-off versus Matt Duchene in Calgary Flames zone.
6:40 of 1st period - Wrist shot by Valeri Nichushkin.
6:40 of 1st period - Stopped by Ilya Sorokin with a rebound.
7:41 of 1st period - Snap shot by Valeri Nichushkin.
7:41 of 1st period - Stopped by Ilya Sorokin with a rebound.
7:54 of 1st period - Minor Penalty to Kevin Fiala for Holding.
7:55 of 1st period - Logan Couture wins face-off versus Steven Stamkos in Calgary Flames zone.
8:29 of 1st period - Snap shot by Matthew Tkachuk.
8:29 of 1st period - Shot Misses the Net.
8:31 of 1st period - Snap shot by Vladimir Tarasenko.
8:31 of 1st period - Stopped by Sam Montembeault with a rebound.
9:54 of 1st period - Penalty to Kevin Fiala is over, Kevin Fiala is back on ice.
10:04 of 1st period - Mathieu Joseph is hit by Lawson Crouse and loses puck.
10:14 of 1st period - Off-side.
10:15 of 1st period - Nic Dowd wins face-off versus Bryan Rust in neutral zone.
10:55 of 1st period - Zach Hyman is hit by Rasmus Ristolainen and loses puck.
11:04 of 1st period - Sebastian Aho is hit by Rasmus Ristolainen and loses puck.
11:21 of 1st period - Wrist shot by Kevin Fiala.
11:21 of 1st period - Deflect By Valeri Nichushkin.
11:21 of 1st period - Shot Misses the Net.
11:21 of 1st period - Puck is out of play.
11:22 of 1st period - Steven Stamkos wins face-off versus Joel Eriksson Ek in Chicago Black Hawks zone.
11:22 of 1st period - Steven Stamkos is hit by Drew Doughty.
11:32 of 1st period - Snap shot by Matt Duchene.
11:32 of 1st period - Stopped by Sam Montembeault with a rebound.
11:34 of 1st period - Snap shot by Matt Duchene.
11:34 of 1st period - Shot Misses the Net.
11:36 of 1st period - Slapshot by Brent Burns.
11:36 of 1st period - Shot Blocked by Joel Eriksson Ek.
11:38 of 1st period - Snap shot by Matthew Tkachuk.
11:38 of 1st period - Shot Blocked by Ryan McDonagh.
11:59 of 1st period - Icing by Ryan McDonagh.
12:00 of 1st period - Steven Stamkos wins face-off versus Sebastian Aho in Calgary Flames zone.
12:05 of 1st period - Slapshot by Steven Stamkos.
12:05 of 1st period - Stopped by Sam Montembeault with a rebound.
12:17 of 1st period - Backhand shot by Zach Hyman.
12:17 of 1st period - Shot Misses the Net.
12:23 of 1st period - Drew Doughty is hit by Rasmus Ristolainen and loses puck.
12:43 of 1st period - Minor Penalty to Mikhail Sergachev for High sticking.
12:44 of 1st period - Barclay Goodrow wins face-off versus Logan Couture in Chicago Black Hawks zone.
12:44 of 1st period - Barclay Goodrow is hit by Logan Couture.
13:16 of 1st period - Jeff Petry is hit by Lawson Crouse and loses puck.
14:43 of 1st period - Penalty to Mikhail Sergachev is over, Mikhail Sergachev is back on ice.
16:01 of 1st period - Ryan McDonagh is hit by Matthew Tkachuk and loses puck.
16:16 of 1st period - Kevin Fiala is hit by Devon Toews and loses puck.
17:01 of 1st period - Devon Toews is hit by Nic Dowd and loses puck.
17:12 of 1st period - Jeff Petry is hit by Devon Toews and loses puck.
17:32 of 1st period - Ryan Ellis is hit by Steven Stamkos and loses puck.
17:45 of 1st period - Snap shot by J.T. Miller.
17:45 of 1st period - Stopped by Ilya Sorokin with a rebound.
17:47 of 1st period - Wrist shot by J.T. Miller.
17:47 of 1st period - Stopped by Ilya Sorokin without a rebound.
17:48 of 1st period - Sebastian Aho wins face-off versus Bo Horvat in Chicago Black Hawks zone.
17:55 of 1st period - Slapshot by Chris Kreider.
17:55 of 1st period - Stopped by Sam Montembeault with a rebound.
18:34 of 1st period - Jeremy Lauzon is hit by Phillip Danault and loses puck.
18:41 of 1st period - Slapshot by Nikolaj Ehlers.
18:41 of 1st period - Stopped by Sam Montembeault with a rebound.
18:47 of 1st period - Minor Penalty to Jeremy Lauzon for Cross-checking.
18:48 of 1st period - Steven Stamkos wins face-off versus Logan Couture in Calgary Flames zone.
19:03 of 1st period - Snap shot by Phillip Danault.
19:03 of 1st period - Shot Misses the Net.
19:05 of 1st period - Slapshot by Devon Toews.
19:05 of 1st period - Goal by Devon Toews - Chicago Black Hawks : 2 - Calgary Flames : 1.
19:06 of 1st period - Steven Stamkos wins face-off versus Logan Couture in neutral zone.
19:19 of 1st period - Wrist shot by Steven Stamkos.
19:19 of 1st period - Stopped by Sam Montembeault without a rebound.
19:20 of 1st period - Steven Stamkos wins face-off versus Logan Couture in Calgary Flames zone.
19:31 of 1st period - Steven Stamkos is hit by Logan Couture and loses puck.
19:51 of 1st period - Snap shot by Sebastian Aho.
19:51 of 1st period - Stopped by Ilya Sorokin without a rebound.
19:52 of 1st period - Bo Horvat wins face-off versus Sebastian Aho in Chicago Black Hawks zone.
Goals for this period are 2 for Chicago Black Hawks vs 1 for Calgary Flames.
Shots for this period are 12 for Chicago Black Hawks vs 11 for Calgary Flames.
2nd period
0:01 of 2nd period - Steven Stamkos wins face-off versus Logan Couture in neutral zone.
0:04 of 2nd period - Slapshot by Devon Toews.
0:04 of 2nd period - Stopped by Sam Montembeault with a rebound.
0:26 of 2nd period - Jeff Petry is hit by Chris Kreider and loses puck.
1:37 of 2nd period - Snap shot by Valeri Nichushkin.
1:37 of 2nd period - Shot Misses the Net.
1:39 of 2nd period - Slapshot by Drew Doughty.
1:39 of 2nd period - Stopped by Ilya Sorokin without a rebound.
1:40 of 2nd period - Joel Eriksson Ek wins face-off versus Bo Horvat in Chicago Black Hawks zone.
1:53 of 2nd period - Joel Eriksson Ek is hit by Mikhail Sergachev.
2:12 of 2nd period - Nikolaj Ehlers is hit by Kevin Fiala and loses puck.
2:51 of 2nd period - Snap shot by Vladimir Tarasenko.
2:51 of 2nd period - Shot Misses the Net.
2:53 of 2nd period - Snap shot by Steven Stamkos.
2:53 of 2nd period - Goal by Steven Stamkos - Chicago Black Hawks : 3 - Calgary Flames : 1.
2:54 of 2nd period - Steven Stamkos wins face-off versus Logan Couture in neutral zone.
2:57 of 2nd period - Snap shot by Matt Duchene.
2:57 of 2nd period - Stopped by Sam Montembeault without a rebound.
2:58 of 2nd period - Logan Couture wins face-off versus Steven Stamkos in Calgary Flames zone.
3:02 of 2nd period - Off-side.
3:03 of 2nd period - Logan Couture wins face-off versus Steven Stamkos in neutral zone.
3:06 of 2nd period - Snap shot by Kevin Fiala.
3:06 of 2nd period - Shot Misses the Net.
3:12 of 2nd period - Wrist shot by Valeri Nichushkin.
3:12 of 2nd period - Shot Blocked by Matthew Tkachuk.
3:14 of 2nd period - Snap shot by Kevin Fiala.
3:14 of 2nd period - Stopped by Ilya Sorokin without a rebound.
3:15 of 2nd period - Steven Stamkos wins face-off versus Joel Eriksson Ek in Chicago Black Hawks zone.
3:42 of 2nd period - J.T. Miller is hit by Brent Burns and loses puck.
3:55 of 2nd period - Snap shot by Nikolaj Ehlers.
3:55 of 2nd period - Shot Misses the Net.
4:47 of 2nd period - Brent Burns is hit by Valeri Nichushkin and loses puck.
5:57 of 2nd period - Wrist shot by Max Pacioretty.
5:57 of 2nd period - Shot Blocked by Brent Burns.
6:15 of 2nd period - Snap shot by Vladimir Tarasenko.
6:15 of 2nd period - Shot Misses the Net.
6:45 of 2nd period - Wrist shot by J.T. Miller.
6:45 of 2nd period - Stopped by Ilya Sorokin with a rebound.
6:47 of 2nd period - Slapshot by Drew Doughty.
6:47 of 2nd period - Stopped by Ilya Sorokin without a rebound.
6:48 of 2nd period - Joel Eriksson Ek wins face-off versus Bo Horvat in Chicago Black Hawks zone.
6:49 of 2nd period - Wrist shot by Max Pacioretty.
6:49 of 2nd period - Shot Blocked by Nicolas Hague.
7:15 of 2nd period - Matt Duchene is hit by Logan Couture and loses puck.
7:40 of 2nd period - Snap shot by J.T. Miller.
7:40 of 2nd period - Stopped by Ilya Sorokin without a rebound.
7:41 of 2nd period - Bo Horvat wins face-off versus J.T. Miller in Chicago Black Hawks zone.
7:43 of 2nd period - Minor Penalty to Travis Konecny for Tripping.
7:44 of 2nd period - Sebastian Aho wins face-off versus Barclay Goodrow in Chicago Black Hawks zone.
7:51 of 2nd period - Devon Toews is hit by Ryan McDonagh and loses puck.
8:18 of 2nd period - Barclay Goodrow is hit by Jeff Petry and loses puck.
8:32 of 2nd period - Icing by Ryan Ellis.
8:33 of 2nd period - Sebastian Aho wins face-off versus Phillip Danault in Calgary Flames zone.
9:19 of 2nd period - Bo Horvat is hit by J.T. Miller.
9:43 of 2nd period - Penalty to Travis Konecny is over, Travis Konecny is back on ice.
10:14 of 2nd period - Minor Penalty to Jeremy Lauzon for Roughing.
10:15 of 2nd period - Sebastian Aho wins face-off versus Steven Stamkos in Calgary Flames zone.
10:30 of 2nd period - Slapshot by Steven Stamkos.
10:30 of 2nd period - Stopped by Sam Montembeault without a rebound.
10:31 of 2nd period - Sebastian Aho wins face-off versus Steven Stamkos in Calgary Flames zone.
11:09 of 2nd period - J.T. Miller is hit by Chris Kreider and loses puck.
12:14 of 2nd period - Penalty to Jeremy Lauzon is over, Jeremy Lauzon is back on ice.
12:24 of 2nd period - Wrist shot by Bryan Rust.
12:24 of 2nd period - Shot Misses the Net.
12:26 of 2nd period - Slapshot by Rasmus Andersson.
12:26 of 2nd period - Deflect By Drew Doughty.
12:26 of 2nd period - Stopped by Sam Montembeault with a rebound.
12:28 of 2nd period - Slapshot by Nicolas Hague.
12:28 of 2nd period - Deflect By Barclay Goodrow.
12:28 of 2nd period - Shot Misses the Net.
12:28 of 2nd period - Puck is out of play.
12:29 of 2nd period - Joel Eriksson Ek wins face-off versus Barclay Goodrow in Calgary Flames zone.
12:40 of 2nd period - Wrist shot by Bryan Rust.
12:40 of 2nd period - Stopped by Sam Montembeault with a rebound.
12:42 of 2nd period - Slapshot by Rasmus Andersson.
12:42 of 2nd period - Shot Blocked by Max Pacioretty.
12:54 of 2nd period - Nikolaj Ehlers is hit by Jeremy Lauzon and loses puck.
13:03 of 2nd period - Snap shot by Kevin Fiala.
13:03 of 2nd period - Stopped by Ilya Sorokin with a rebound.
13:13 of 2nd period - Snap shot by Matthew Tkachuk.
13:13 of 2nd period - Deflect By Matt Duchene.
13:13 of 2nd period - Stopped by Sam Montembeault with a rebound.
13:32 of 2nd period - Snap shot by Bo Horvat.
13:32 of 2nd period - Stopped by Sam Montembeault with a rebound.
13:34 of 2nd period - Slapshot by Devon Toews.
13:34 of 2nd period - Shot Misses the Net.
13:36 of 2nd period - Backhand shot by Brent Burns.
13:36 of 2nd period - Deflect By Ryan Ellis.
13:36 of 2nd period - Stopped by Sam Montembeault with a rebound.
13:38 of 2nd period - Snap shot by Travis Konecny.
13:38 of 2nd period - Stopped by Sam Montembeault with a rebound.
13:53 of 2nd period - Off-side.
13:54 of 2nd period - Lawson Crouse wins face-off versus Max Pacioretty in neutral zone.
13:54 of 2nd period - Lawson Crouse is hit by Max Pacioretty.
14:33 of 2nd period - Minor Penalty to Ryan McDonagh for Hooking.
14:34 of 2nd period - Sebastian Aho wins face-off versus Steven Stamkos in Calgary Flames zone.
15:00 of 2nd period - Ryan Ellis is hit by Matthew Tkachuk.
16:33 of 2nd period - Penalty to Ryan McDonagh is over, Ryan McDonagh is back on ice.
16:46 of 2nd period - Slapshot by Mathieu Joseph.
16:46 of 2nd period - Shot Blocked by Barclay Goodrow.
16:48 of 2nd period - Slapshot by Ryan McDonagh.
16:48 of 2nd period - Shot Blocked by Vladimir Tarasenko.
16:50 of 2nd period - Snap shot by Ryan McDonagh.
16:50 of 2nd period - Shot Blocked by Devon Toews.
16:52 of 2nd period - Slapshot by Kris Russell.
16:52 of 2nd period - Shot Blocked by Devon Toews.
16:56 of 2nd period - Snap shot by Valeri Nichushkin.
16:56 of 2nd period - Shot Misses the Net.
16:58 of 2nd period - Wrist shot by Mathieu Joseph.
16:58 of 2nd period - Deflect By Valeri Nichushkin.
16:58 of 2nd period - Shot Misses the Net.
16:58 of 2nd period - Puck is out of play.
16:59 of 2nd period - Nic Dowd wins face-off versus Phillip Danault in Chicago Black Hawks zone.
17:02 of 2nd period - Snap shot by Nic Dowd.
17:02 of 2nd period - Stopped by Ilya Sorokin with a rebound.
17:06 of 2nd period - Snap shot by Nic Dowd.
17:06 of 2nd period - Shot Misses the Net.
17:13 of 2nd period - Minor Penalty to Vladimir Tarasenko for Holding.
17:14 of 2nd period - Barclay Goodrow wins face-off versus Logan Couture in Chicago Black Hawks zone.
17:26 of 2nd period - Snap shot by Kevin Fiala.
17:26 of 2nd period - Stopped by Ilya Sorokin without a rebound.
17:27 of 2nd period - Barclay Goodrow wins face-off versus Sebastian Aho in Chicago Black Hawks zone.
17:43 of 2nd period - Minor Penalty to Lawson Crouse for Roughing.
17:44 of 2nd period - Logan Couture wins face-off versus Barclay Goodrow in Chicago Black Hawks zone.
19:13 of 2nd period - Penalty to Vladimir Tarasenko is over, Vladimir Tarasenko is back on ice.
19:43 of 2nd period - Penalty to Lawson Crouse is over, Lawson Crouse is back on ice.
19:55 of 2nd period - Slapshot by Joel Eriksson Ek.
19:55 of 2nd period - Stopped by Ilya Sorokin with a rebound.
19:57 of 2nd period - Slapshot by Kris Russell.
19:57 of 2nd period - Shot Hit the Post.
Goals for this period are 1 for Chicago Black Hawks vs 0 for Calgary Flames.
Shots for this period are 10 for Chicago Black Hawks vs 9 for Calgary Flames.
3rd period
0:01 of 3rd period - Steven Stamkos wins face-off versus Sebastian Aho in neutral zone.
0:26 of 3rd period - Devon Toews is hit by Valeri Nichushkin and loses puck.
0:51 of 3rd period - Snap shot by Max Pacioretty.
0:51 of 3rd period - Stopped by Ilya Sorokin with a rebound.
0:53 of 3rd period - Snap shot by Max Pacioretty.
0:53 of 3rd period - Stopped by Ilya Sorokin without a rebound.
0:54 of 3rd period - Joel Eriksson Ek wins face-off versus Steven Stamkos in Chicago Black Hawks zone.
0:55 of 3rd period - Wrist shot by Max Pacioretty.
0:55 of 3rd period - Shot Misses the Net.
1:01 of 3rd period - Slapshot by Devon Toews.
1:01 of 3rd period - Deflect By Jeff Petry.
1:01 of 3rd period - Stopped by Sam Montembeault with a rebound.
1:03 of 3rd period - Snap shot by Matthew Tkachuk.
1:03 of 3rd period - Stopped by Sam Montembeault with a rebound.
1:09 of 3rd period - Snap shot by Matt Duchene.
1:09 of 3rd period - Shot Blocked by Mathieu Joseph.
1:17 of 3rd period - Minor Penalty to Joel Eriksson Ek for Hooking.
1:18 of 3rd period - Sebastian Aho wins face-off versus Steven Stamkos in Calgary Flames zone.
1:56 of 3rd period - Off-side.
1:57 of 3rd period - Logan Couture wins face-off versus Steven Stamkos in neutral zone.
2:52 of 3rd period - Jeff Petry is hit by Bo Horvat.
3:17 of 3rd period - Penalty to Joel Eriksson Ek is over, Joel Eriksson Ek is back on ice.
3:29 of 3rd period - Wrist shot by J.T. Miller.
3:29 of 3rd period - Shot Misses the Net.
3:37 of 3rd period - Wrist shot by Sebastian Aho.
3:37 of 3rd period - Stopped by Ilya Sorokin without a rebound.
3:38 of 3rd period - Nic Dowd wins face-off versus Bo Horvat in Chicago Black Hawks zone.
3:39 of 3rd period - Snap shot by Oskar Lindblom.
3:39 of 3rd period - Deflect By Nic Dowd.
3:39 of 3rd period - Shot Misses the Net.
3:39 of 3rd period - Puck is out of play.
3:40 of 3rd period - Nic Dowd wins face-off versus Bo Horvat in Chicago Black Hawks zone.
3:41 of 3rd period - Snap shot by Oskar Lindblom.
3:41 of 3rd period - Stopped by Ilya Sorokin with a rebound.
4:39 of 3rd period - Wrist shot by Vladimir Tarasenko.
4:39 of 3rd period - Deflect By Jeff Petry.
4:39 of 3rd period - Shot Blocked by J.T. Miller.
4:39 of 3rd period - Puck is out of play.
4:40 of 3rd period - Bo Horvat wins face-off versus Logan Couture in Calgary Flames zone.
4:49 of 3rd period - Wrist shot by Kevin Fiala.
4:49 of 3rd period - Stopped by Ilya Sorokin without a rebound.
4:50 of 3rd period - Bo Horvat wins face-off versus Logan Couture in Chicago Black Hawks zone.
4:55 of 3rd period - Snap shot by Valeri Nichushkin.
4:55 of 3rd period - Shot Blocked by Devon Toews.
5:05 of 3rd period - Snap shot by Travis Konecny.
5:05 of 3rd period - Stopped by Sam Montembeault without a rebound.
5:06 of 3rd period - Steven Stamkos wins face-off versus Zach Hyman in Calgary Flames zone.
5:07 of 3rd period - Wrist shot by Matt Duchene.
5:07 of 3rd period - Shot Misses the Net.
5:09 of 3rd period - Slapshot by Devon Toews.
5:09 of 3rd period - Stopped by Sam Montembeault without a rebound.
5:10 of 3rd period - Sebastian Aho wins face-off versus Steven Stamkos in Calgary Flames zone.
5:21 of 3rd period - Snap shot by Zach Hyman.
5:21 of 3rd period - Shot Misses the Net.
6:19 of 3rd period - Slapshot by Phillip Danault.
6:19 of 3rd period - Stopped by Sam Montembeault without a rebound.
6:20 of 3rd period - Phillip Danault wins face-off versus Joel Eriksson Ek in Calgary Flames zone.
6:31 of 3rd period - Snap shot by Vladimir Tarasenko.
6:31 of 3rd period - Shot Blocked by Drew Doughty.
6:33 of 3rd period - Wrist shot by Vladimir Tarasenko.
6:33 of 3rd period - Shot Blocked by Joel Eriksson Ek.
6:51 of 3rd period - Slapshot by Drew Doughty.
6:51 of 3rd period - Shot Blocked by Devon Toews.
7:33 of 3rd period - Wrist shot by Lawson Crouse.
7:33 of 3rd period - Stopped by Sam Montembeault with a rebound.
7:39 of 3rd period - Wrist shot by Lawson Crouse.
7:39 of 3rd period - Shot Misses the Net.
7:41 of 3rd period - Snap shot by Bryan Rust.
7:41 of 3rd period - Stopped by Sam Montembeault without a rebound.
7:42 of 3rd period - Steven Stamkos wins face-off versus Sebastian Aho in Calgary Flames zone.
7:43 of 3rd period - Slapshot by Matt Duchene.
7:43 of 3rd period - Stopped by Sam Montembeault with a rebound.
7:49 of 3rd period - Snap shot by Zach Hyman.
7:49 of 3rd period - Shot Misses the Net.
7:51 of 3rd period - Slapshot by Ryan Ellis.
7:51 of 3rd period - Shot Blocked by Devon Toews.
7:53 of 3rd period - Snap shot by Sebastian Aho.
7:53 of 3rd period - Deflect By J.T. Miller.
7:53 of 3rd period - Stopped by Ilya Sorokin with a rebound.
7:55 of 3rd period - Snap shot by J.T. Miller.
7:55 of 3rd period - Shot Misses the Net.
8:23 of 3rd period - Wrist shot by Travis Konecny.
8:23 of 3rd period - Stopped by Sam Montembeault without a rebound.
8:24 of 3rd period - Mathieu Joseph wins face-off versus Nikolaj Ehlers in Calgary Flames zone.
8:24 of 3rd period - Mathieu Joseph is hit by Mikhail Sergachev.
8:27 of 3rd period - Minor Penalty to Max Pacioretty for Interference.
8:28 of 3rd period - Sebastian Aho wins face-off versus Steven Stamkos in Calgary Flames zone.
9:10 of 3rd period - Minor Penalty to Zach Hyman for Hooking.
9:11 of 3rd period - Steven Stamkos wins face-off versus Sebastian Aho in Calgary Flames zone.
10:27 of 3rd period - Penalty to Max Pacioretty is over, Max Pacioretty is back on ice.
11:04 of 3rd period - Vladimir Tarasenko is hit by Ryan McDonagh and loses puck.
11:10 of 3rd period - Penalty to Zach Hyman is over, Zach Hyman is back on ice.
11:48 of 3rd period - Slapshot by Zach Hyman.
11:48 of 3rd period - Shot Misses the Net.
11:50 of 3rd period - Snap shot by Zach Hyman.
11:50 of 3rd period - Stopped by Ilya Sorokin with a rebound.
11:52 of 3rd period - Snap shot by Ryan McDonagh.
11:52 of 3rd period - Shot Blocked by Nicolas Hague.
11:54 of 3rd period - Backhand shot by Ryan McDonagh.
11:54 of 3rd period - Stopped by Ilya Sorokin with a rebound.
11:56 of 3rd period - Wrist shot by Zach Hyman.
11:56 of 3rd period - Stopped by Ilya Sorokin with a rebound.
12:08 of 3rd period - Wrist shot by Zach Hyman.
12:08 of 3rd period - Deflect By Logan Couture.
12:08 of 3rd period - Stopped by Ilya Sorokin without a rebound.
12:09 of 3rd period - Phillip Danault wins face-off versus Nic Dowd in Chicago Black Hawks zone.
12:13 of 3rd period - Off-side.
12:14 of 3rd period - Phillip Danault wins face-off versus Nic Dowd in neutral zone.
12:19 of 3rd period - Jeff Petry is hit by Brent Burns and loses puck.
12:29 of 3rd period - Off-side.
12:30 of 3rd period - Steven Stamkos wins face-off versus Sebastian Aho in neutral zone.
12:55 of 3rd period - Chris Kreider is hit by Oskar Lindblom and loses puck.
14:08 of 3rd period - Ryan McDonagh is hit by Brent Burns and loses puck.
14:22 of 3rd period - Minor Penalty to Ryan McDonagh for Roughing.
14:23 of 3rd period - Steven Stamkos wins face-off versus Sebastian Aho in Calgary Flames zone.
15:11 of 3rd period - Backhand shot by Drew Doughty.
15:11 of 3rd period - Shot Misses the Net.
16:13 of 3rd period - Logan Couture is hit by Brent Burns and loses puck.
16:22 of 3rd period - Penalty to Ryan McDonagh is over, Ryan McDonagh is back on ice.
16:38 of 3rd period - Slapshot by Joel Eriksson Ek.
16:38 of 3rd period - Stopped by Ilya Sorokin without a rebound.
16:39 of 3rd period - Barclay Goodrow wins face-off versus Nic Dowd in Chicago Black Hawks zone.
17:04 of 3rd period - Garnet Hathaway is hit by Rasmus Andersson and loses puck.
17:50 of 3rd period - Slapshot by Nikolaj Ehlers.
17:50 of 3rd period - Shot Blocked by Kevin Fiala.
18:10 of 3rd period - Minor Penalty to Mathieu Joseph for Hooking.
18:11 of 3rd period - Steven Stamkos wins face-off versus Sebastian Aho in Calgary Flames zone.
18:18 of 3rd period - Snap shot by Steven Stamkos.
18:18 of 3rd period - Stopped by Sam Montembeault with a rebound.
18:20 of 3rd period - Snap shot by Mikhail Sergachev.
18:20 of 3rd period - Stopped by Sam Montembeault with a rebound.
18:46 of 3rd period - Slapshot by Drew Doughty.
18:46 of 3rd period - Stopped by Ilya Sorokin without a rebound.
18:47 of 3rd period - Steven Stamkos wins face-off versus Logan Couture in Chicago Black Hawks zone.
19:38 of 3rd period - Slapshot by Zach Hyman.
19:38 of 3rd period - Shot Misses the Net.
Goals for this period are 0 for Chicago Black Hawks vs 0 for Calgary Flames.
Shots for this period are 11 for Chicago Black Hawks vs 12 for Calgary Flames.
Back to the Top